 Dungeon Crawl Stone Soup version 0.31-a0-472-g43a2ca8e1b (console) character file.

Game seed: 5799536889466934196

39 Lexodia the Caller (level 3, -2/19 HPs)
             Began as a Tengu Summoner on Aug 6, 2023.
             Slain by a gnoll
             ... wielding a +0 spear
              (8 damage)
             ... on level 2 of the Dungeon.
             The game lasted 00:04:27 (1325 turns).

Lexodia the Caller (Tengu Summoner)                 Turns: 1325, Time: 00:04:27

Health: -2/19      AC:  2    Str:  8    XL:     3   Next: 47%
Magic:  4/8        EV: 12    Int: 17    God:
Gold:   50         SH:  0    Dex: 14    Spells: 1/7 levels left

rFire   . . .        h - +2 dagger (venom)
rCold   . . .        (no shield)
rNeg    . . .        a - +0 robe
rPois   .            (helmet restricted)
rElec   .            (no cloak)
rCorr   .            (no gloves)
SInv    .            (boots unavailable)
Will    .....        (no amulet)
Stlth   ++           (no ring)
HPRegen 0.23/turn    (no ring)
MPRegen 0.11/turn

%: no passive effects
@: no status effects
A: beak, talons 3
a: no special abilities


You were on level 2 of the Dungeon.
You visited 1 branch of the dungeon, and saw 2 of its levels.

You collected 50 gold pieces.

Inventory:

Hand Weapons
 h - a +2 dagger of venom (weapon)
 j - a +3 hand axe
Armour
 a - a +0 robe (worn)
Jewellery
 f - a ring of protection from cold
Scrolls
 e - a scroll of teleportation {unknown}
 i - a scroll of identify {unknown}
Potions
 b - a potion of magic
 c - a potion of heal wounds {unknown}
 g - a potion of curing


   Skills:
 + Level 0.0 Fighting
 + Level 0.4 Short Blades
 - Level 2.3 Dodging
 - Level 2.1 Stealth
 + Level 2.7 Spellcasting
 + Level 5.4 Summonings


You had one spell level left.
You knew the following spells:

 Your Spells              Type           Power      Damage    Failure   Level
a - Summon Small Mammal   Summ           80%        N/A       1%          1
b - Call Imp              Summ           40%        N/A       3%          2
c - Call Canine Familiar  Summ           20%        N/A       6%          3

Your spell library contained the following spells:

 Spells                   Type           Power      Damage    Failure   Level
 Summon Guardian Golem    Hex/Summ       11%        N/A       19%         3
 Summon Lightning Spire   Summ/Air       11%        N/A       52%         4


Dungeon Overview and Level Annotations

Branches:
Dungeon (2/15)

Altars:


Innate Abilities, Weirdness & Mutations

You have a beak for a mouth.
You have claws for feet.


Message History

A kobold comes into view. It is wielding a +0 short sword.
The kobold shouts!
The kobold moves out of view.
Unknown command.
You completely miss the kobold. You peck the kobold.
The kobold is moderately wounded.
You barely miss the kobold. You peck the kobold.
The kobold is severely wounded.
The kobold hits you with a +0 short sword.
Damage: -10%(-2hp) hp: 90%(17hp)
You hit the kobold but do no damage. Your kick misses the kobold.
The kobold is severely wounded.
The kobold hits you but does no damage.
You hit the kobold but do no damage. Your kick misses the kobold.
The kobold is severely wounded.
The kobold hits you but does no damage.
You hit the kobold but do no damage.
The kobold is poisoned.
Your kick misses the kobold.
The kobold is severely wounded.
You kill the kobold!
No target in view!
You see here a +0 short sword. 2 gnolls come into view.
The gnoll shouts!
Unknown command.
A gnoll comes into view. It is wielding a +0 halberd.
Unknown command.
Casting: Summon Small Mammal (safe; 1% risk of failure)
Confirm with . or Enter, or press ? or * to list all spells.
A tiny devil pulls itself out of the air.
The gnoll shouts!
You hear a shout!
Casting: Call Imp (safe; 3% risk of failure)
Confirm with . or Enter, or press ? or * to list all spells.
A gnoll comes into view. It is wielding a +0 club.
Casting: Summon Small Mammal (safe; 1% risk of failure)
Confirm with . or Enter, or press ? or * to list all spells.
The gnoll hits you with a +0 flail!
Ouch! That really hurt!
The gnoll hits you from afar with a +0 spear!
You die...

..#.#.# #....#
#.#.#.###..#.#
#.#.#..########
#.#.###.# #.#
#.#.....## ##.##
#.#......# #...#
#####.##...#.###.#.#
#.r.5b.....#..#.)#..
###@#......##...###.
#g###....##...# #.
#g# #...####.## ##
#.# #...##########
#g# #...#.#.# #.#
#.# #...#.#.# #.#
#g# #...#.#.# #.#
#.# #...#.#.# #.#
#...#.#.# #.#


You could see 4 gnolls, a friendly cerulean imp (summoned), a friendly bat
(summoned) and a friendly rat (summoned).

Vanquished Creatures
  A worm (D:2)
  A dart slug (D:1)
  4 ball pythons (D:1)
  A giant cockroach (D:1)
  2 goblins (D:1)
  3 hobgoblins
  A quokka (D:1)
  A bat (D:1)
  2 frilled lizards (D:1)
  3 kobolds
  3 rats (D:1)
22 creatures vanquished.

Vanquished Creatures (collateral kills)
  A bat (D:1)
  An endoplasm (D:1)
  3 giant cockroaches (D:1)
  A hobgoblin (D:1)
  A kobold (D:1)
  A ball python (D:1)
  3 goblins (D:1)
  A rat (D:1)
12 creatures vanquished.

Grand Total: 34 creatures vanquished

Notes
Turn   | Place    | Note
-------+----------+-------------------------------------------
     0 | D:1      | Lexodia the Tengu Summoner began the quest for the Orb.
     0 | D:1      | Reached XP level 1. HP: 10/10 MP: 4/4
     2 | D:1      | Noticed a meteoran
     2 | D:1      | Noticed a vampire
     4 | D:1      | Noticed an armataur
     6 | D:1      | Noticed a troll
     8 | D:1      | Noticed a minotaur
     8 | D:1      | Noticed a naga
    10 | D:1      | Noticed a spriggan
    12 | D:1      | Noticed a ghoul
    12 | D:1      | Noticed a formicid
    14 | D:1      | Noticed a human
    14 | D:1      | Noticed an elf
    16 | D:1      | Noticed a felid
    16 | D:1      | Noticed a merfolk
    18 | D:1      | Noticed a demonspawn
    18 | D:1      | Noticed an octopode
    20 | D:1      | Noticed an ogre
    20 | D:1      | Noticed a draconian
    22 | D:1      | Noticed a gargoyle
    22 | D:1      | Noticed a demigod
    24 | D:1      | Noticed a tengu
    24 | D:1      | Noticed a demigod
    26 | D:1      | Noticed a gargoyle
    26 | D:1      | Noticed a gargoyle
    54 | D:1      | Huge Dmg: 3 dmg
   113 | D:1      | Huge Dmg: 3 dmg
   114 | D:1      | Huge Dmg: 2 dmg
   359 | D:1      | Reached skill level 5 in Summonings
   359 | D:1      | Reached XP level 2. HP: 15/15 MP: 6/6
   362 | D:1      | Learned a level 2 spell: Call Imp
   709 | D:1      | Huge Dmg: 4 dmg
   725 | D:1      | Reached XP level 3. HP: 17/19 MP: 0/7
   729 | D:1      | Learned a level 3 spell: Call Canine Familiar
   739 | D:1      | Huge Dmg: 5 dmg
   741 | D:1      | Huge Dmg: 4 dmg
   742 | D:1      | Huge Dmg: 4 dmg
   743 | D:1      | Huge Dmg: 3 dmg
  1149 | D:2      | Huge Dmg: 6 dmg
  1150 | D:2      | Huge Dmg: 5 dmg
  1325 | D:2      | Slain by a gnoll

Illustrated notes

Levels and vault maps discovered:
D:1:      kb_arrival_jail, layout_loops_ring
D:2:      minmay_thinvault, layout_basic, serial_shops, shop, eino_curves_03,
          serial_bayou_crossing, uniq_crazy_yiuf_cottage

Skill      XL: |  1 |
---------------+----+-----
Summonings     | 5 |  5.4
Short Blades   | |  0.4
Dodging        | |  2.3
Stealth        | |  2.1
Spellcasting   | |  2.7

Action                     || total
---------------------------++-------
  Melee: Dagger            ||    55
         Unarmed           ||     5
         Kick              ||    17
         Punch             ||     1
         Peck              ||    10
   Cast: Summon Small Mamm ||    18
         Call Imp          ||     5
    Use: Potion            ||     1
   Stab: Sleeping          ||     5
 Armour: Robe              ||    18
  Dodge: Dodged            ||    32

Table legend: (Time is in decaauts)
 A = Elapsed time spent in this place.
 B = Non-inter-level travel time spent in this place.
 C = Inter-level travel time spent in this place.
 D = Time resting spent in this place.
 E = Time spent auto-exploring this place.
 F = Levels seen in this place.
 G = Mean time per level.
                   A        B        C        D        E       F      G
               +--------+--------+--------+--------+--------+-----+--------+
         Total |   1323 |   1301 |     22 |     16 |   1018 |   2 |  661.5 |
       Dungeon |   1323 |   1301 |     22 |     16 |   1018 |   2 |  661.5 |
               +--------+--------+--------+--------+--------+-----+--------+

Top non-repeatable levels by time:
     D:1: 1063 daAuts
     D:2: 260 daAuts
